 Dungeon Crawl Stone Soup version 0.31.0-4-g52a2dc7128 (console) character file.

Game seed: 2000894125494403521

415 AlterAsc the Changeling (level 6, 0/32 HPs)
             Began as a Spriggan Shapeshifter on Jan 21, 2024.
             Slain by an iguana (7 damage)
             ... on level 4 of the Dungeon.
             The game lasted 00:18:27 (4372 turns).

AlterAsc the Changeling (Spriggan Shapeshifter)     Turns: 4372, Time: 00:18:28

Health: 0/32       AC:  2    Str: 10    XL:     6   Next: 60%
Magic:  10/10      EV: 19    Int: 18    God:
Gold:   223        SH:  0    Dex: 16    Spells: 7/9 levels left

rFire   . .          .
                       - Unarmed
rCold   . . .        (no shield)
rNeg    . . .        a - +0 animal skin
rPois   .            (helmet currently unavailable)
rElec   .            (cloak currently unavailable)
rCorr   .            (gloves unavailable)
SInv    +            (boots unavailable)
Will    +....        (no amulet)
Stlth   +            l - +6 ring of intelligence
HPRegen 0.25/turn    x - +4 ring of slaying
MPRegen 0.12/turn

%: no passive effects
@: beast-form, very quick
A: beast (slay +3), very small, no large weapons, unfitting armour, see
invisible, speed 3
a: Begin Untransformation


You were on level 4 of the Dungeon.
You were a hulking beast.
You visited 2 branches of the dungeon, and saw 5 of its levels.

You collected 223 gold pieces.

Inventory:

Hand Weapons
 u - a +2 dagger of venom
Missiles
 e - 13 stones
Armour
 a - a +0 animal skin (worn)
 b - a +0 robe of willpower
Jewellery
 l - a +6 ring of intelligence (left hand)
 p - an amulet of magic regeneration
 x - a +4 ring of slaying (right hand)
Talismans
 c - a beast talisman
 d - a flux talisman
Scrolls
 f - a scroll of revelation {unknown}
 h - a scroll of vulnerability {unknown}
 i - a scroll of torment {unknown}
 j - 2 scrolls of identify {unknown}
 k - a scroll of brand weapon {unknown}
 o - 2 scrolls of fog {unknown}
 q - a scroll of fear {unknown}
 w - a scroll of immolation {unknown}
Potions
 g - a potion of curing {unknown}
 m - a potion of mutation {unknown}
 n - a potion of heal wounds {unknown}
 r - a potion of cancellation {unknown}
 s - a potion of haste
 t - a potion of invisibility {unknown}
 v - a potion of attraction {unknown}


   Skills:
 - Level 2.5 Fighting
 - Level 5.0 Dodging
 - Level 3.5 Unarmed Combat
 - Level 2.0 Spellcasting
 - Level 2.0 Translocations
 * Level 5.6 Shapeshifting


You had 7 spell levels left.
You knew the following spells:

 Your Spells              Type           Power      Damage    Failure   Level
a - Blink                 Tloc           18%        N/A       12%         2

Your spell library contained the following spells:

 Spells                   Type           Power      Damage    Failure   Level
 Magic Dart               Conj           4%         1d3       19%         1
 Call Imp                 Summ           2%         N/A       26%         2


Dungeon Overview and Level Annotations

Branches:
Dungeon (4/15)             Temple (1/1) D:4

Altars:
Ashenzari
Cheibriados
Elyvilon
Fedhas
Hepliaklqana
Kikubaaqudgha
Makhleb
Ru
Sif Muna
Trog
Vehumet
Wu Jian
Xom
Yredelemnul
Zin
The Shining One

Annotations:
D:4 Eustachio, Ijyb


Innate Abilities, Weirdness & Mutations

You are a hulking beast.
Your limbs bulge with bestial killing power. (Slay +3)
You are very small and have problems with some larger weapons.
You are too small for most types of armour.
You have supernaturally acute eyesight. (SInv)
You cover ground extremely quickly. (Speed+++)


Message History

The iguana hisses menacingly.
You climb upwards.
There is a stone staircase leading down here.
x - a +4 ring of slaying (right hand)
You start resting.
HP restored.
You can't go up here!
Okay, then.
There is a stone staircase leading down here.
You climb downwards.
Level annotation: Eustachio, Ijyb The iguana barely misses you.
The iguana completely misses you.
There is a stone staircase leading up here.
The iguana misses you.
You climb upwards.
There is a stone staircase leading down here.
You hit the iguana.
The iguana is moderately wounded.
The iguana misses you.
You punch the iguana! You punch the iguana.
The iguana is almost dead.
The iguana bites you.
You hit the iguana.
You kill the iguana!
Training target 5.0 for Dodging reached!
Your Dodging skill increases to level 5!
You climb downwards.
Level annotation: Eustachio, Ijyb
There is a stone staircase leading up here.
You now have 223 gold pieces (gained 9).
There are no items here.
The iguana hisses angrily.
The centaur wields a +0 shortbow.
The centaur shoots an arrow.
The arrow closely misses you.
There is an escape hatch in the floor here.
The centaur shoots an arrow.
The arrow hits you! The iguana misses you.
The centaur shoots an arrow.
The arrow hits you!
* * * LOW HITPOINT WARNING * * *
The iguana bites you!
You die...

.....##.##.# #######
...........####......
####.##............#
#.......<.......##.#
#.##.###........# ...#.#
#........# ..... #.......##
...# #....>.>###. # ...#
###............
########...###..l.....####..
..............c.h..#...#
#.....O...................
.#.................#...###
....####...###.###.##.##
.#..# ...# #. ..# .# ....#
...# ## ### .# .##.# ...#
###.####...# .......##@..
)...##.# .### .#####.##


You could see a centaur and an iguana.

Vanquished Creatures
  2 bombardier beetles (D:4)
  4 orc priests
  An iguana (D:3)
  A sleepcap (D:4)
  2 orc wizards
  3 adders
  2 ufetubi
  2 dart slugs
  2 ribbon worms (D:2)
  11 orcs
  2 endoplasms
  10 giant cockroaches
  5 goblins
  6 hobgoblins
  6 jackals
  7 kobolds
  6 quokkas
  6 ball pythons
  4 bats
  A frilled lizard (D:2)
  A rat (D:3)
84 creatures vanquished.

Notes
Turn   | Place    | Note
-------+----------+-------------------------------------------
     0 | D:1      | AlterAsc the Spriggan Shapeshifter began the quest for the
                  | Orb.
     0 | D:1      | Reached XP level 1. HP: 9/9 MP: 2/2
   261 | D:1      | Reached skill level 1 in Fighting
   324 | D:1      | Reached XP level 2. HP: 14/14 MP: 3/3
   937 | D:2      | Found a shimmering blue altar of Sif Muna.
   986 | D:2      | Reached XP level 3. HP: 18/18 MP: 4/4
  1038 | D:2      | Learned a level 2 spell: Blink
  1457 | D:2      | Found a faded altar of an unknown god.
  1681 | D:2      | Reached XP level 4. HP: 17/22 MP: 5/5
  2565 | D:4      | Reached skill level 1 in Translocations
  2601 | D:4      | Reached skill level 1 in Spellcasting
  2601 | D:4      | Reached XP level 5. HP: 17/26 MP: 7/7
  2663 | D:4      | Found a staircase to the Ecumenical Temple.
  2727 | Temple   | Found a transporter.
  2727 | Temple   | Found a transporter.
  2727 | Temple   | Found a transporter.
  2727 | Temple   | Found a transporter.
  2727 | Temple   | Entered the Ecumenical Temple
  2883 | D:4      | Reached skill level 5 in Shapeshifting
  2966 | D:4      | Noticed an ogre
  2968 | D:4      | Noticed Eustachio
  3287 | D:3      | Reached XP level 6. HP: 21/30 MP: 10/10
  3973 | D:4      | Noticed Ijyb
  4356 | D:3      | Reached skill level 5 in Dodging
  4372 | D:4      | Slain by an iguana

Illustrated notes

Levels and vault maps discovered:
D:1:      dpeg_arrival_arbitrary_c, layout_basic
D:2:      layout_loops_ring, basic_altar,
          hellmonk_ecumenical_altar_inner_sanctum, kennysheep_generic_room_15
D:3:      layout_basic
D:4:      layout_loops_cross, mainiacjoe_overflow_paths,
          minmay_temple_entry_sparse_star, gup_sewer_entry_pipe, uniq_ijyb,
          uniq_eustachio
Temple:   hellmonk_temple_divided_pantheon

Skill      XL: |  1  2  3  4  5  6 |
---------------+-------------------+-----
Fighting       | 1 2 |  2.5
Dodging        | 3 4 5 |  5.0
Unarmed Combat | 3 |  3.5
Translocations | 1 2 |  2.0
Spellcasting   | 1 2 |  2.0
Shapeshifting  | 5 |  5.6

Action                     |  1- 3 |  4- 6 || total
---------------------------+-------+-------++-------
  Melee: Unarmed           |   140 |   184 ||   324
         Punch             |       |     3 ||     3
  Throw: Stone             |    19 |     3 ||    22
         Dart              |       |    18 ||    18
    Use: Potion            |       |     3 ||     3
   Stab: Sleeping          |     3 |     2 ||     5
         Invisible         |       |     4 ||     4
 Armour: Animal skin       |    26 |    69 ||    95
  Dodge: Dodged            |    95 |   185 ||   280
